 Dungeon Crawl Stone Soup version 0.30-a0-777-ga9a30cbeda (webtiles) character file.

Game seed: 4190580623551605201

279 NinjaNoafa the Grasshopper (level 6, -7/51 HPs)
             Began as an Armataur Warper on Feb 13, 2023.
             Was a Follower of Cheibriados.
             Mangled by a river rat (8 damage)
             ... in a sewer.
             The game lasted 00:22:16 (3097 turns).

NinjaNoafa the Grasshopper (Armataur Warper)        Turns: 3097, Time: 00:22:16

Health: -7/51      AC:  4    Str: 17    XL:     6   Next: 5%
Magic:  8/10       EV:  9    Int: 22    God:    Cheibriados [*.....]
Gold:   207        SH:  5    Dex: 10    Spells: 7/11 levels left

rFire   + . .      SeeInvis .    a - +0 mace
rCold   + . .      Faith    .    (no shield)
rNeg    . . .      Spirit   .    b - +0 leather armour
rPois   +          Reflect  +    (helmet restricted)
rElec   +          Harm     .    (no cloak)
rCorr   +          Roll     +    (no gloves)
Will    .....                    (no barding)
Stlth   +                        f - amulet of reflection
HPRegen 0.28/turn                (no ring)
MPRegen 0.12/turn                (no ring)

@: resistant, very slow
A: large, rugged brown scales 3, deformed body, armoured tail, roll, long
tongue, awkward tongue, beak, clever 1, evolution 1
a: Renounce Religion, Bend Time


You were in a sewer.
You worshipped Cheibriados.
Cheibriados was aware of your devotion.
You visited 2 branches of the dungeon, and saw 5 of its levels.
You also visited: Sewer.

You collected 207 gold pieces.

Inventory:

Hand Weapons
 a - a +0 mace (weapon)
Missiles
 d - 6 boomerangs of dispersal (quivered)
Armour
 b - a +0 leather armour (worn)
Jewellery
 f - an amulet of reflection (around neck)
Scrolls
 h - a scroll of vulnerability {unknown}
 l - a scroll of enchant armour {unknown}
Potions
 j - a potion of mutation


   Skills:
 - Level 1.7 Fighting
 - Level 3.1 Maces & Flails
 - Level 0.8 Throwing
 - Level 1.2 Armour
 - Level 1.3 Dodging
 + Level 3.2 Spellcasting
 + Level 4.5 Translocations
 * Level 1.8 Air Magic


You had 7 spell levels left.
You knew the following spells:

 Your Spells              Type           Power      Damage    Failure   Level
a - Blink                 Tloc           46%        N/A       3%          2
b - Lesser Beckoning      Tloc           46%        N/A       3%          2

Your spell library contained the following spells:

 Spells                   Type           Power      Damage    Failure   Level
 Teleport Other           Tloc           23%        N/A       7%          3
 Vhi's Electric Charge    Tloc/Air       34%        N/A       12%         3
 Swiftness                Air            11%        N/A       21%         3
 Ensorcelled Hibernation  Hex/Ice        6%         N/A       22%         2
 Passwall                 Tmut/Erth      2%         N/A       22%         2
 Manifold Assault         Tloc           23%        N/A       22%         4


Dungeon Overview and Level Annotations

Branches:
Dungeon (4/15)             Temple (1/1) D:4           Sewer (1/1)

Altars:
Ashenzari
Cheibriados
Dithmenos
Elyvilon
Fedhas
Gozag
Kikubaaqudgha
Makhleb
Okawaru
Qazlal
Trog
Uskayaw
Vehumet
Wu Jian
Xom
Yredelemnul
The Shining One


Innate Abilities, Weirdness & Mutations

You are completely covered in rugged brown scales. (AC +3, +7% HP)
Armour fits poorly on your strangely shaped body.
You have a long armoured tail.
You roll when moving toward enemies. (Rampage)
Your long tongue fully drains potion bottles. (2x potion effects)
Your tongue gives you trouble enunciating. (1.5x scroll delay)
You have a beak for a mouth.
Your mind is acute. (Int +4, Str/Dex -1)
You have hidden genetic potential.


Message History

Cheibriados raises the support of your attributes as your movement slows.
The ball python barely misses you. The frilled lizard barely misses you.
You block the adder's attack.
The river rat bites you but does no damage.
The ball python barely misses you. x2
You closely miss the adder. The adder bites you but does no damage.
The river rat bites you.
* * * LOW HITPOINT WARNING * * *
You block the frilled lizard's attack. The ball python barely misses you.
The ball python bites you but does no damage.
The adder bites you.
* * * LOW HITPOINT WARNING * * *
The frilled lizard bites you but does no damage.
The river rat closely misses you.
You miss the adder. Your peck misses the adder.
The ball python barely misses you. The ball python completely misses you.
The adder bites you but does no damage. The river rat closely misses you.
The frilled lizard barely misses you.
The ball python bites you but does no damage. x2
As you slowly read the scroll labelled RIQISCH RUJUY, it crumbles to dust.
You hear a loud clanging noise!
It was a scroll of noise.
You hear an angry hiss.
The adder bites you but does no damage. The ball python barely misses you. x2
The adder closely misses you. The river rat bites you.
* * * LOW HITPOINT WARNING * * *
You block the frilled lizard's attack.
You hit the adder. Your peck misses the adder.
The adder is moderately wounded.
You block the adder's attack. The ball python barely misses you.
The ball python bites you but does no damage.
The river rat closely misses you. The frilled lizard bites you.
* * * LOW HITPOINT WARNING * * *
You block the adder's attack.
The ball python bites you but does no damage.
The ball python bites you.
* * * LOW HITPOINT WARNING * * *
The river rat twitches its whiskers.
The river rat bites you!
You die...

###################
###l@S≈≈~≈~.~≈≈~≈≈≈≈.
##.lSSrr≈~~~~~~~≈≈≈≈~.
#....r~~~#≈≈≈~≈≈~~≈~≈.
#.....~≈~~≈≈≈≈≈≈≈≈†~~.
##.....≈~≈≈≈≈≈≈≈≈≈≈≈~≈.
#.....#≈≈≈≈≈≈≈≈≈≈≈≈≈≈~#
#....##################
##.†.## #..†##


You could see an adder, 2 river rats, 2 ball pythons, 2 frilled lizards and a
rat.

Vanquished Creatures
  A scorpion (D:2)
  An orc priest (D:4)
  Natasha (twice) (D:2)
  2 gnolls (D:2)
  2 river rats (Sewer)
  4 adders
  2 worms
  4 dart slugs
  An orc (D:4)
  7 ball pythons
  3 endoplasms
  3 goblins
  4 hobgoblins
  4 jackals
  6 kobolds
  2 quokkas (D:2)
  7 bats
  2 frilled lizards
  11 rats
68 creatures vanquished.

Vanquished Creatures (others)
  12 plants (D:3)
12 creatures vanquished.

Grand Total: 80 creatures vanquished

Notes
Turn   | Place    | Note
-------+----------+-------------------------------------------
     0 | D:1      | NinjaNoafa the Armataur Warper began the quest for the Orb.
     0 | D:1      | Reached XP level 1. HP: 18/18 MP: 3/3
   327 | D:1      | Reached XP level 2. HP: 16/25 MP: 5/5
   874 | D:2      | Reached XP level 3. HP: 21/31 MP: 6/6
   881 | D:2      | Learned a level 2 spell: Blink
   884 | D:2      | Learned a level 2 spell: Lesser Beckoning
   984 | D:2      | Noticed Natasha
   991 | D:2      | Killed Natasha
  1075 | D:2      | Noticed Natasha
  1086 | D:2      | Killed Natasha
  1087 | D:2      | Reached XP level 4. HP: 15/38 MP: 7/7
  1694 | D:3      | Reached skill level 4 in Translocations
  1835 | D:3      | Noticed a scorpion
  1899 | D:2      | Killed a scorpion
  1900 | D:2      | Reached skill level 1 in Air Magic
  1900 | D:2      | Reached XP level 5. HP: 18/43 MP: 6/9
  2041 | D:2      | Identified the +2 short sword of Light {freeze, rF- rC+
                  | rCorr Dex+2}
  2313 | D:3      | Found a shimmering altar of Xom.
  2658 | D:4      | Found a staircase to the Ecumenical Temple.
  2725 | Temple   | Entered the Ecumenical Temple
  2735 | Temple   | Became a worshipper of Cheibriados the Contemplative
  2830 | D:4      | Found a glowing drain.
  2833 | Sewer    | Entered a sewer
  2945 | Sewer    | Reached XP level 6. HP: 16/51 MP: 10/10
  3084 | Sewer    | Gained mutation: Your magical capacity is low. (-10% MP)
                  | [potion of mutation]
  3084 | Sewer    | Gained mutation: You are resistant to electric shocks.
                  | (rElec) [potion of mutation]
  3084 | Sewer    | Gained mutation: You are vulnerable to cold. (rC-) [potion
                  | of mutation]
  3084 | Sewer    | Gained mutation: You have sharp toenails. [potion of
                  | mutation]
  3089 | Sewer    | Lost mutation: Your magical capacity is low. (-10% MP)
                  | [potion of mutation]
  3089 | Sewer    | Lost mutation: You are vulnerable to cold. (rC-) [potion of
                  | mutation]
  3089 | Sewer    | Lost mutation: You have sharp toenails. [potion of
                  | mutation]
  3089 | Sewer    | Lost mutation: You are resistant to electric shocks.
                  | (rElec) [potion of mutation]
  3089 | Sewer    | Gained mutation: You occasionally lose the ability to drink
                  | potions when taking damage. [potion of mutation]
  3089 | Sewer    | Gained mutation: Your muscles are strong. (Str +4, Int/Dex
                  | -1) [potion of mutation]
  3089 | Sewer    | Gained mutation: You occasionally shout uncontrollably at
                  | your foes. [potion of mutation]
  3089 | Sewer    | Gained mutation: You have supernaturally acute eyesight.
                  | (SInv) [potion of mutation]
  3090 | Sewer    | Lost mutation: You have supernaturally acute eyesight.
                  | (SInv) [potion of mutation]
  3090 | Sewer    | Lost mutation: You occasionally lose the ability to drink
                  | potions when taking damage. [potion of mutation]
  3090 | Sewer    | Lost mutation: You occasionally shout uncontrollably at
                  | your foes. [potion of mutation]
  3090 | Sewer    | Lost mutation: Your muscles are strong. (Str +4, Int/Dex
                  | -1) [potion of mutation]
  3090 | Sewer    | Gained mutation: You have hidden genetic potential. [potion
                  | of mutation]
  3090 | Sewer    | Gained mutation: You have a beak for a mouth. [potion of
                  | mutation]
  3090 | Sewer    | Gained mutation: Your mind is acute. (Int +4, Str/Dex -1)
                  | [potion of mutation]
  3093 | Sewer    | Reached * piety under Cheibriados
  3097 | Sewer    | HP: 1/51 [ball python (2)]
  3097 | Sewer    | Mangled by a river rat

Illustrated notes

Levels and vault maps discovered:
D:1:      dpeg_arrival_brainrot, layout_basic
D:2:      minmay_recursive_quarters, layout_loops_cross, nrook_mini_vaults,
          minmay_misc_feat_encased, uniq_robin, uniq_natasha
D:3:      layout_loops_ring, overflow_temple_1_default, serial_bayou,
          serial_bayou_lagoon_b, serial_bayou_pond_e, serial_bayou_lagoon_a,
          serial_bayou_ford_a
D:4:      minmay_inner_zag, layout_loops_ring, minmay_temple_entry_arrows,
          portal_sewer_entry_d
Temple:   nicolae_temple_x_marks_the_god
Sewer:    sewer_minmay_w

Skill      XL: |  1  2  3  4 |
---------------+-------------+-----
Maces & Flails | 2 3 |  3.1
Spellcasting   | 2 3 |  3.2
Translocations | 4 |  4.5
Air Magic      | 1 |  1.8
Fighting       | |  1.7
Throwing       | |  0.8
Armour         | |  1.2
Dodging        | |  1.3

Action                     |  1- 3 |  4- 6 || total
---------------------------+-------+-------++-------
  Melee: Mace              |    71 |   192 ||   263
         Tailslap          |     5 |    21 ||    26
         Punch             |     1 |     1 ||     2
  Throw: Boomerang         |     1 |       ||     1
   Cast: Lesser Beckoning  |     1 |       ||     1
         Blink             |       |     8 ||     8
    Use: Scroll            |     1 |     6 ||     7
         Potion            |       |     7 ||     7
   Stab: Invisible         |       |     3 ||     3
 Armour: Leather armour    |    20 |   122 ||   142
  Dodge: Dodged            |    44 |   187 ||   231
  Block: Other             |       |    53 ||    53
         Reflection        |       |     1 ||     1

Table legend: (Time is in decaauts)
 A = Elapsed time spent in this place.
 B = Non-inter-level travel time spent in this place.
 C = Inter-level travel time spent in this place.
 D = Time resting spent in this place.
 E = Time spent auto-exploring this place.
 F = Levels seen in this place.
 G = Mean time per level.
                   A        B        C        D        E       F      G
               +--------+--------+--------+--------+--------+-----+--------+
         Total |   3241 |   2442 |    799 |      5 |    272 |   6 |  540.2 |
       Dungeon |   2864 |   2065 |    799 |      0 |    272 |   4 |  716.0 |
        Temple |     68 |     68 |      0 |      0 |      0 |   1 |   68.0 |
         Sewer |    308 |    308 |      0 |      5 |      0 |   1 |  308.0 |
               +--------+--------+--------+--------+--------+-----+--------+

Top non-repeatable levels by time:
     D:2: 1026 daAuts
     D:1: 921 daAuts
     D:3: 696 daAuts
   Sewer: 308 daAuts
     D:4: 220 daAuts
  Temple: 68 daAuts
